 Dungeon Crawl Stone Soup version 0.30.0-20-g3615ddf2f0 (webtiles) character file.

Game seed: 15057512624785597329

197 qw the Chopper (level 5, -1/33 HPs)
             Began as a Gargoyle Fighter on May 27, 2023.
             Killed by nerve-wracking pain
             ... invoked by Grinder
              (7 damage)
             ... on level 4 of the Dungeon.
             The game lasted 00:01:21 (3020 turns).

qw the Chopper (Gargoyle Fighter)                   Turns: 3020, Time: 00:01:22

Health: -1/33      AC: 13    Str: 22    XL:     5   Next: 75%
Magic:  5/5        EV:  8    Int:  8    God:
Gold:   135        SH:  4    Dex:  9    Spells: 4/4 levels left

rFire   . . .        Y - +0 war axe
rCold   . . .        c - +0 buckler
rNeg    + . .        k - +0 chain mail
rPois   inf          (no helmet)
rElec   +            (no cloak)
rCorr   +            (no gloves)
SInv    .            (no boots)
Will    .....        (no amulet) Stlth
                     j - ring of resist corrosion
HPRegen 0.25/turn    (no ring)
MPRegen 0.09/turn

%: no passive effects
@: no status effects
A: sickness immunity, AC +4, negative energy resistance 1, electricity
resistance, torment resistance 1, petrification resistance
a: no special abilities


You were on level 4 of the Dungeon.
You visited 1 branch of the dungeon, and saw 4 of its levels.

You collected 135 gold pieces.


Innate Abilities, Weirdness & Mutations

You are immune to sickness and miasma.
Your stone body is resilient. (AC +4)
You are immune to poison.
You resist negative energy. (rN+)
You are resistant to electric shocks. (rElec)
You are resistant to unholy torment.
You are immune to petrification.


   Skills:
 + Level 3.8 Fighting
 - Level 5.0 Axes
 - Level 3.2 Armour
 - Level 3.2 Shields


You had 4 spell levels left.
You didn't know any spells.
Your spell library was empty.

Inventory:

Hand Weapons
 h - a +0 whip
 Y - a +0 war axe (weapon)
Armour
 c - a +0 buckler (worn)
 k - a +0 chain mail (worn)
Jewellery
 f - a ring of fire
 j - a ring of resist corrosion (left hand)
Scrolls
 g - a scroll of fog {unknown}
 l - a scroll of teleportation
Potions
 a - a potion of resistance {unknown}
 b - 2 potions of mutation {unknown}
 d - 2 potions of might
 e - a potion of heal wounds {unknown}
 i - a potion of haste {unknown}

Dungeon Overview and Level Annotations

Branches:
Dungeon (4/15)
 Temple: D:4-7

Altars:

Annotations:
D:3 2 transporters, qw's ghost, amateur GrCA
D:4 Grinder


Message History

Something hits you.
You writhe in agony.
You closely miss something. Something hits you but does no damage.
You suddenly lose the ability to move!
Something hits you!
You writhe in agony.
You can move again.
You closely miss something. You slash something!
Something hits you but does no damage.
You hit something but do no damage. You block something's attack.
Something hits you but does no damage.
You barely miss something. Something completely misses you.
You slash something!
You swing at nothing.
You swing at nothing.
You swing at nothing.
You swing at nothing.
You swing at nothing.
You swing at nothing.
You suddenly lose the ability to move!
You can move again.
You swing at nothing.
You hit something. Something hits you.
You writhe in agony.
You hit something but do no damage. Something hits you but does no damage.
You closely miss something.
Something tries to affect you, but you resist. x2
You miss something. Something hits you but does no damage.
You hit something. Pain shoots through your body!
You barely miss something. Something hits you but does no damage.
Something hits you.
You writhe in agony.
You closely miss something. Something hits you but does no damage.
You closely miss something.
You swing at nothing.
Pain shoots through your body!
You die...

.#....#..####.##..###..###.#
###..##<## #.####.....## .#
###..##.## ### ###..## .#
....#....#### #### ##
...###.###..# ............#
##...#.###..## .
...##..#..#..#######.... ..
.#.######....@.....$. #....#
##...ยค....... ....
##.......... .## #.....##...
## #....## ## ..#..# #.##..#
.. ##.#


There were no monsters in sight!

Vanquished Creatures
  A scorpion (D:3)
  Natasha (D:4)
  3 gnolls (D:3)
  An adder (D:3)
  A river rat (D:3)
  5 dart slugs (D:1)
  A worm (D:3)
  4 ball pythons
  3 endoplasms
  3 giant cockroaches (D:3)
  5 goblins
  3 hobgoblins
  7 kobolds
  5 quokkas
  5 bats
  3 frilled lizards (D:1)
  7 rats
58 creatures vanquished.

Notes
Turn   | Place    | Note
-------+----------+-------------------------------------------
     0 | D:1      | qw the Gargoyle Fighter began the quest for the Orb.
     0 | D:1      | Reached XP level 1. HP: 14/14 MP: 1/1
     0 | D:1      | 0 ||| qw: Version: 0.2-a-99-gce666ed
     0 | D:1      | 0 ||| qw: Game counter: 134
     0 | D:1      | 0 ||| qw: Always use a shield: true
     0 | D:1      | 0 ||| qw: God list: Okawaru
     0 | D:1      | 0 ||| qw: Allow faded altars: false
     0 | D:1      | 0 ||| qw: Do Orc after D:15 true
     0 | D:1      | 0 ||| qw: Do second Lair branch before Depths: true
     0 | D:1      | 0 ||| qw: Lair rune preference: random
     0 | D:1      | 0 ||| qw: Plans: Normal, Zot:1-4, God:TSO, Crypt, Tomb,
                  | Pan, Slime:5, Hells, Abyss, Win
     0 | D:1      | 0 ||| PLANNING D:1-11
    38 | D:1      | 38 ||| FLEEEEING.
    39 | D:1      | 39 ||| FLEEEEING.
    42 | D:1      | Reached skill level 2 in Axes
    47 | D:1      | 47 ||| Stepping ~*~*~tactically~*~*~ (stealth).
   148 | D:1      | 148 ||| Stepping ~*~*~tactically~*~*~ (stealth).
   160 | D:1      | Reached XP level 2. HP: 14/19 MP: 2/2
   248 | D:1      | 248 ||| DROPPING +0 club.
   496 | D:1      | Reached skill level 3 in Axes
   497 | D:1      | 497 ||| FLEEEEING.
   498 | D:1      | 498 ||| FLEEEEING.
   499 | D:1      | 499 ||| FLEEEEING.
   500 | D:1      | 500 ||| FLEEEEING.
   501 | D:1      | 501 ||| FLEEEEING.
   502 | D:1      | 502 ||| FLEEEEING.
   503 | D:1      | 503 ||| FLEEEEING.
   504 | D:1      | 504 ||| FLEEEEING.
   508 | D:1      | Reached XP level 3. HP: 22/23 MP: 3/3
   582 | D:1      | Found a faded altar of an unknown god.
   657 | D:1      | 657 ||| READING scroll labelled BESEMN BYEDU.
   658 | D:1      | 658 ||| READING scroll labelled LIOMIL PETO.
   759 | D:1      | 759 ||| READING scroll labelled GAIREH ERANOM.
  1471 | D:2      | 1471 ||| READING 2 scrolls labelled OSATHI METE.
  1472 | D:2      | 1472 ||| DROPPING scroll of magic mapping.
  1520 | D:3      | 1520 ||| PLANNING SEWER
  1543 | D:3      | 1543 ||| Stepping ~*~*~tactically~*~*~ (hiding).
  1617 | D:3      | Noticed a scorpion
  1645 | D:3      | Killed a scorpion
  1646 | D:3      | Reached skill level 4 in Axes
  1646 | D:3      | Reached XP level 4. HP: 11/28 MP: 4/4
  1722 | D:3      | Found a transporter.
  1723 | D:3      | Noticed qw's ghost (amateur GrCA)
  1724 | D:3      | Noticed an ogre
  1725 | D:3      | 1725 ||| Stepping ~*~*~tactically~*~*~ (stealth).
  1725 | D:3      | Noticed an ogre
  1726 | D:3      | Noticed an ogre
  1735 | D:3      | Found a transporter.
  1768 | D:3      | Reached XP level 5. HP: 32/32 MP: 5/5
  1784 | D:3      | HP: 7/32 [worm (8)]
  1785 | D:3      | 1785 ||| READING scroll of teleportation.
  2042 | D:3      | 2042 ||| Stepping ~*~*~tactically~*~*~ (stealth).
  2044 | D:3      | 2044 ||| Stepping ~*~*~tactically~*~*~ (hiding).
  2058 | D:3      | HP: 6/32 [gnoll/+0 whip (4)]
  2059 | D:3      | 2059 ||| READING scroll of teleportation.
  2064 | D:3      | Reached skill level 5 in Axes
  2255 | D:3      | 2255 ||| RIP SEWER
  2368 | D:3      | 2368 ||| PLANNING D:1-11
  2435 | D:3      | 2435 ||| UPGRADING to +0 chain mail.
  2445 | D:3      | 2445 ||| DROPPING +0 scale mail.
  2446 | D:3      | 2446 ||| DROPPING amulet of faith.
  2447 | D:3      | 2447 ||| UPGRADING to ring of resist corrosion.
  2448 | D:3      | 2448 ||| READING scroll labelled COISUOCARU.
  2507 | D:4      | Identified the +6 short sword of Victory {elec, rPois
                  | Will++ rCorr Stlth+}
  2604 | D:4      | 2604 ||| Stepping ~*~*~tactically~*~*~ (hiding).
  2605 | D:4      | 2605 ||| Stepping ~*~*~tactically~*~*~ (hiding).
  2964 | D:4      | Noticed Natasha
  2971 | D:4      | Killed Natasha
  2987 | D:4      | Noticed Grinder
  2997 | D:4      | Paralysed by something for 2 turns
  3009 | D:4      | Paralysed by something for 2 turns
  3017 | D:4      | HP: 7/33 [something (5)]
  3020 | D:4      | Killed from afar by Grinder

Levels and vault maps discovered:
D:1:      dpeg_chamrin_arrival_tetris, layout_rooms,
          hellmonk_ecumenical_altar_defaced_shrine
D:2:      layout_loops_ring, hex_large, roderic_serpentine_path
D:3:      layout_rooms, portal_sewer_entry_e, gammafunk_ghost_smash
D:4:      layout_layer_cave, uniq_crazy_yiuf_cottage, uniq_natasha, uniq_grinder

Skill      XL: |  1  2  3  4  5 |
---------------+----------------+-----
Axes           | 2 3 4 5 |  5.0
Fighting       | |  3.8
Armour         | |  3.2
Shields        | |  3.2

Action                     |  1- 3 |  4- 6 || total
---------------------------+-------+-------++-------
  Melee: War axe           |   112 |    80 ||   192
    Use: Scroll            |     4 |     3 ||     7
 Armour: Scale mail        |    62 |    14 ||    76
         Chain mail        |       |    12 ||    12
  Dodge: Dodged            |    57 |    25 ||    82
  Block: Buckler           |    16 |    11 ||    27

Table legend:
 A = Non-vault XP
 B = Vault XP
 C = Vault XP percentage of total XP
 D = Non-vault monster count
 E = Vault monster count
 F = Vault count percentage of total count
                 A         B        C        D         E       F
            +---------+---------+-------+---------+---------+-------
      Total |     204 |      78 |  27.7 |      44 |      14 |  24.1
            +---------+---------+-------+---------+---------+-------
        D:1 |      36 |      17 |  32.1 |      21 |       5 |  19.2
        D:2 |       7 |       0 |   0.0 |       5 |       0 |   0.0
        D:3 |     159 |      26 |  14.1 |      17 |       8 |  32.0
        D:4 |       2 |      35 |  94.6 |       1 |       1 |  50.0
            +---------+---------+-------+---------+---------+-------
